 Dungeon Crawl Stone Soup version 0.30-a0-12-gd8047c6341 (webtiles) character file.

Game seed: 15913551168846781957

3858 Newt the Skirmisher (level 9, 0/65 HPs)
             Began as a Demonspawn Gladiator on Aug 23, 2022.
             Was an Initiate of Gozag.
             Slain by a two-headed ogre
             ... wielding a +0 giant club
              (40 damage)
             ... on level 8 of the Dungeon.
             The game lasted 00:11:51 (6425 turns).

Newt the Skirmisher (Demonspawn Gladiator)          Turns: 6425, Time: 00:11:51

Health: 0/65       AC:  6    Str: 15    XL:     9   Next: 99%
Magic:  9/9        EV: 15    Int: 10    God:    Gozag
Gold:   541        SH: 11    Dex: 24    Spells: 8/8 levels left

rFire   . . .      SeeInvis +    b - +3 sling
rCold   . . .      Faith    .    V - +0 buckler
rNeg    . . .      Spirit   .    f - +0 troll leather armour {Pargi}
rPois   .          Reflect  +    c - +0 helmet
rElec   .          Harm     +    U - scarf {harm}
rCorr   .          Rampage  .    (no gloves)
Will    .....                    r - +0 pair of boots
Stlth   ++........               K - amulet of reflection
HPRegen 1.00/turn                n - +6 ring of dexterity
MPRegen 0.11/turn                B - ring of see invisible

@: gold aura
A: claws 1, foul stench 1, powered by death 1
a: Renounce Religion, Potion Petition, Call Merchant, Bribe Branch


You were on level 8 of the Dungeon.
You worshipped Gozag.
Gozag was pleased with you.
You visited 2 branches of the dungeon, and saw 9 of its levels.
You also visited: Sewer and Ossuary.

You collected 929 gold pieces.
You spent 333 gold pieces at shops.
You paid 55 gold pieces to Gozag.

Inventory:

Hand Weapons
 a - a +0 rapier
 b - a +3 sling (weapon)
Missiles
 e - a javelin
 T - 2 throwing nets
Armour
 c - a +0 helmet (worn)
 f - a +0 troll leather armour (worn) {Pargi}
 g - a +0 leather armour
 k - a +2 cloak
 o - an orb of mayhem
 r - a +0 pair of boots (worn)
 y - a +2 ring mail of cold resistance
 R - the +0 chain mail "Loschocesy" {Contam Rampage rElec}
   (You found it on level 5 of the Dungeon)

   rElec:     It insulates you from electricity.
   Contam:    It causes magical contamination when unequipped.
   Rampage:   It bestows one free step when moving towards enemies.
 U - a scarf of harm (worn)
 V - a +0 buckler (worn)
Jewellery
 n - a +6 ring of dexterity (left claw)
 s - a ring of magical power
 w - an amulet of regeneration
 B - a ring of see invisible (right claw)
 C - a ring of flight
 E - a ring of wizardry
 K - an amulet of reflection (around neck)
 S - a ring of resist corrosion
 W - an amulet of guardian spirit
 X - a ring of protection from cold
Wands
 p - a wand of flame (23)
 z - a wand of quicksilver (8)
 G - a wand of digging (2)
 L - a wand of mindburst (2)
 N - a wand of paralysis (7)
 P - a wand of iceblast (1)
Scrolls
 h - 3 scrolls of noise
 i - a scroll of enchant armour
 q - 3 scrolls of teleportation
 v - 2 scrolls of blinking
 O - a scroll of fog
Potions
 d - a potion of ambrosia
 j - 8 potions of heal wounds
 l - a potion of lignification
 m - 2 potions of attraction
 t - 2 potions of invisibility
 u - 3 potions of resistance
 x - 2 potions of haste
 A - 2 potions of cancellation
 D - a potion of degeneration {unknown}
 F - 2 potions of magic
 H - 2 potions of brilliance {unknown}
 I - 7 potions of curing
 J - a potion of berserk rage {unknown}
 M - 3 potions of mutation


   Skills:
 - Level 4.0 Fighting
 - Level 2.6 Short Blades
 - Level 10.0 Ranged Weapons
 - Level 1.7 Throwing
 - Level 5.0 Dodging
 - Level 2.0 Stealth
 + Level 4.1 Shields
 - Level 5.0 Evocations


You had 8 spell levels left.
You didn't know any spells.
Your spell library was empty.

Dungeon Overview and Level Annotations

Branches:
Dungeon (8/15)             Temple (1/1) D:4           Sewer (visited)
Ossuary (visited)
   Lair: D:8-11

Altars:
Ashenzari
Cheibriados
Dithmenos
Fedhas
Gozag
Hepliaklqana
Kikubaaqudgha
Makhleb
Nemelex Xobeh
Okawaru
Qazlal
Ru
Sif Muna
Trog
Uskayaw
Vehumet
Wu Jian
Xom
Yredelemnul

Shops:
D:5 **   D:8 (


Innate Abilities, Weirdness & Mutations

You have sharp fingernails.
You may rarely emit foul miasma when damaged in melee.
You regenerate a little health from kills.


Message History

No target in view!
No target in view!
No target in view!
No target in view!
No target in view!
No target in view!
A two-headed ogre comes into view. It is wielding two +0 giant clubs.
The two-headed ogre is distracted by your dazzling golden aura.
You see here 49 gold pieces.
A two-headed ogre is nearby!
A two-headed ogre is nearby!
You shoot a sling bullet. The two-headed ogre shouts in stereo!
The sling bullet hits the two-headed ogre.
The two-headed ogre is no longer distracted by gold.
The two-headed ogre is lightly wounded.
No target in view!
You shoot a sling bullet.
The sling bullet hits the two-headed ogre!
The two-headed ogre is lightly wounded.
You shoot a sling bullet.
The sling bullet hits the two-headed ogre.
The two-headed ogre is moderately wounded.
You shoot a sling bullet.
The sling bullet hits the two-headed ogre.
The two-headed ogre is moderately wounded.
You shoot a sling bullet.
The sling bullet hits the two-headed ogre!
The two-headed ogre is heavily wounded.
The two-headed ogre hits you with a +0 giant club!!
You block the two-headed ogre's attack.
You shoot a sling bullet.
The sling bullet hits the two-headed ogre!
The two-headed ogre is almost dead.
You shoot a sling bullet.
The sling bullet barely misses the two-headed ogre.
The two-headed ogre hits you with a +0 giant club!!
Ouch! That really hurt!
You die...
Your body crumbles into a pile of gold.

...# ...# ######...
...<...
$...........
....... . #.#...#.#
#@#...#.# #O#.....
..### #$#..<# #
..?...#####$#...#.#
#..Y!..........#
#.##...####.#.##
#.....###.#.##.##
...)...†.#<........
#....∩...#>##.#####


You could see a two-headed ogre.

Vanquished Creatures
  Prince Ribbit (D:6)
  Sigmund (D:6)
  4 yaks (D:8)
  An acid dragon (D:7)
  Duvessa (D:4)
  2 water moccasins (D:6)
  Pargi (Sewer)
  An ice beast (D:7)
  A sky beast (D:7)
  2 phantoms
  3 centaurs
  An ogre (D:6)
  3 bullfrogs
  A gnoll sergeant (D:6)
  2 necrophages
  6 scorpions (Ossuary)
  Dowan (D:4)
  3 howler monkeys (D:7)
  3 jellies
  A human zombie (Ossuary)
  2 centaur zombies (Ossuary)
  2 hounds
  Crazy Yiuf (D:3)
  An orc priest (D:4)
  2 iguanas (D:6)
  4 orc wizards (D:6)
  5 scorpion zombies (Ossuary)
  3 mummies (Ossuary)
  7 adders
  5 gnolls (D:6)
  4 white imps
  2 ufetubi
  A worm (D:4)
  A dart slug (D:1)
  15 orcs
  5 endoplasms
  4 giant cockroaches
  2 gnoll zombies (Ossuary)
  7 goblins
  9 hobgoblins
  2 jackals (D:2)
  4 quokkas
  10 ball pythons
  3 bats
  7 frilled lizards
  3 goblin zombies (Ossuary)
  3 hobgoblin zombies (Ossuary)
  2 kobolds
  A kobold zombie (Ossuary)
  2 orc zombies (Ossuary)
  A quokka zombie (D:5)
  4 rats (D:3)
  A rat zombie (D:5)
164 creatures vanquished.

Notes
Turn   | Place    | Note
-------+----------+-------------------------------------------
     0 | D:1      | Newt the Demonspawn Gladiator began the quest for the Orb.
     0 | D:1      | Reached XP level 1. HP: 16/16 MP: 1/1
   203 | D:1      | Reached skill level 1 in Stealth
   377 | D:1      | Gained mutation: You regenerate a little health from kills.
                  | [demonic ancestry]
   377 | D:1      | Reached XP level 2. HP: 22/22 MP: 2/2
   832 | D:2      | Reached skill level 1 in Ranged Weapons
   920 | D:2      | Reached XP level 3. HP: 27/27 MP: 3/3
  1147 | D:2      | Reached skill level 2 in Ranged Weapons
  1410 | D:2      | Found a faded altar of an unknown god.
  1806 | D:3      | Found a runed translucent door.
  1807 | D:3      | Noticed Crazy Yiuf
  2446 | D:3      | Killed Crazy Yiuf
  2447 | D:3      | Gained mutation: You may rarely emit foul miasma when
                  | damaged in melee. [demonic ancestry]
  2447 | D:3      | Reached XP level 4. HP: 18/33 MP: 4/4
  2514 | D:4      | Reached skill level 3 in Ranged Weapons
  2556 | D:4      | Found a glowing drain.
  2576 | D:4      | Gained mutation: You have sharp fingernails. [demonic
                  | ancestry]
  2576 | D:4      | Reached XP level 5. HP: 38/38 MP: 5/5
  2590 | Sewer    | Entered a sewer
  2604 | Sewer    | Noticed Pargi
  2624 | Sewer    | Killed Pargi
  2625 | Sewer    | Reached skill level 4 in Ranged Weapons
  2897 | D:4      | Noticed Dowan
  2914 | D:4      | Killed Dowan
  2915 | D:4      | Reached skill level 5 in Ranged Weapons
  2915 | D:4      | Reached XP level 6. HP: 44/44 MP: 6/6
  2918 | D:4      | Noticed Duvessa
  2932 | D:4      | Killed Duvessa
  3064 | D:4      | Found a staircase to the Ecumenical Temple.
  3165 | Temple   | Entered the Ecumenical Temple
  3303 | Temple   | Became a worshipper of Gozag Ym Sagoz the Greedy
  3406 | D:5      | Entered Level 5 of the Dungeon
  3434 | D:5      | Found a sand-covered staircase.
  3446 | Ossuary  | Entered an ossuary
  3479 | Ossuary  | Reached skill level 6 in Ranged Weapons
  3520 | Ossuary  | Reached XP level 7. HP: 51/51 MP: 7/7
  3862 | Ossuary  | Reached skill level 5 in Dodging
  3862 | Ossuary  | Reached skill level 1 in Evocations
  3862 | Ossuary  | Reached XP level 8. HP: 60/60 MP: 8/8
  3958 | D:5      | Found a radiant altar of Vehumet.
  4139 | D:5      | Identified the +0 chain mail "Loschocesy" {Contam Rampage
                  | rElec}
  4185 | D:5      | Found Hisis's General Store.
  4192 | D:5      | Bought a potion of mutation for 96 gold pieces
  4192 | D:5      | Bought a wand of paralysis (7) for 201 gold pieces
  4192 | D:5      | Bought a potion of curing for 36 gold pieces
  4282 | D:5      | Found Ikkeg's Fire Supplies.
  4639 | D:6      | Noticed Sigmund
  4787 | D:6      | Killed Sigmund
  4788 | D:6      | Reached skill level 5 in Evocations
  5004 | D:6      | Reached skill level 7 in Ranged Weapons
  5074 | D:6      | Found a broken altar of Ashenzari.
  5074 | D:6      | Found a basalt altar of Yredelemnul.
  5074 | D:6      | Noticed Prince Ribbit
  5094 | D:6      | Killed Prince Ribbit
  5095 | D:6      | Reached XP level 9. HP: 30/65 MP: 9/9
  5211 | D:6      | Reached skill level 8 in Ranged Weapons
  5661 | D:7      | Reached skill level 9 in Ranged Weapons
  6349 | D:8      | Reached skill level 10 in Ranged Weapons
  6359 | D:8      | Found Tacos's Weapon Shoppe.
  6380 | D:8      | Reached skill level 1 in Shields
  6416 | D:8      | Noticed a two-headed ogre
  6425 | D:8      | Slain by a two-headed ogre

Illustrated notes

Levels and vault maps discovered:
D:1:      lightli_arrival_maybe_door_vault, layout_basic
D:2:      layout_basic, hellmonk_ecumenical_altar_inner_sanctum,
          serial_bayou_pond_c, chequers_serial_rivers_micro_b
D:3:      layout_basic, uniq_crazy_yiuf_cottage
D:4:      layout_cave_pools, minmay_temple_entry_hall, gup_sewer_entry_glass,
          corexii_shack, uniq_duvessa
D:5:      layout_basic, overflow_temple_1_default, enter_ossuary_4,
          serial_shops, shop, nicolae_shop_fire_sale [nicolae_sub_dead_trees],
          corexii_shack
D:6:      layout_loops_ring, grunt_temple_overflow_open,
          hangedman_decor_diamond_cutter, uniq_prince_ribbit1, uniq_sigmund
D:7:      layout_basic
D:8:      layout_loops_cross, serial_shops, nicolae_shop_bloodbath_and_beyond,
          uniq_joseph, uniq_psyche
Temple:   regret_index_temple_chain_breaker

Skill      XL: |  1  2  3  4  5  6  7  8  9 |
---------------+----------------------------+-----
Stealth        | 1 2 |  2.0
Ranged Weapons | 1 2 3 5 6 7 10 | 10.0
Fighting       | 4 |  4.0
Dodging        | 5 |  5.0
Evocations     | 1 5 |  5.0
Shields        | 4 |  4.1
Short Blades   | |  2.6
Throwing       | |  1.7

Action                   |  1- 3 |  4- 6 |  7- 9 || total
-------------------------+-------+-------+-------++-------
 Fire: Sling             |   119 |   158 |   425 ||   702
Throw: Throwing net      |     3 |     2 |       ||     5
Evoke: Wand              |       |     1 |     1 ||     2
  Use: Scroll            |       |    12 |    10 ||    22
Armor: Leather armour    |    15 |    61 |       ||    76
       Troll leather arm |       |    21 |    73 ||    94
Dodge: Dodged            |    28 |    97 |   125 ||   250
Block: Other             |       |       |    16 ||    16
       Buckler           |       |       |    31 ||    31
       Reflection        |       |       |     5 ||     5

Table legend: (Time is in decaauts)
 A = Elapsed time spent in this place.
 B = Non-inter-level travel time spent in this place.
 C = Inter-level travel time spent in this place.
 D = Time resting spent in this place.
 E = Time spent auto-exploring this place.
 F = Levels seen in this place.
 G = Mean time per level.
                   A        B        C        D        E       F      G
               +--------+--------+--------+--------+--------+-----+--------+
         Total |   6550 |   6217 |    333 |    235 |   4589 |  11 |  595.5 |
       Dungeon |   5689 |   5386 |    303 |    135 |   4216 |   8 |  711.1 |
        Temple |    148 |    119 |     29 |      0 |    102 |   1 |  148.0 |
         Sewer |    196 |    196 |      0 |      0 |    107 |   1 |  196.0 |
       Ossuary |    515 |    515 |      0 |    100 |    163 |   1 |  515.0 |
               +--------+--------+--------+--------+--------+-----+--------+

Top non-repeatable levels by time:
     D:6: 914 daAuts
     D:3: 897 daAuts
     D:2: 883 daAuts
     D:7: 799 daAuts
     D:1: 759 daAuts
     D:5: 750 daAuts
     D:4: 608 daAuts
 Ossuary: 515 daAuts
   Sewer: 196 daAuts
  Temple: 148 daAuts
     D:8: 77 daAuts
